SL
THUNDER BAY NORTHERN LIONS BC @ OAKLAND OAKS
05/25/2042
 
TOP OF THE 1ST
Thunder Bay Northern Lions BC batting - Pitching for Oakland Oaks : LHP Cory bin Nasir al Din
Pitching: LHP Cory bin Nasir al Din
Batting: LHB Ramón Padilla 0-0: Called Strike
0-1: Ball
1-1: Ball
2-1: Ball
3-1: Bunt for hit to 15 - play at first, batter OUT! 1-3
Batting: RHB Charles Josse 0-0: Ball
1-0: Ball
2-0: Ball
3-0: Base on Balls
Batting: LHB Keaton Kringlen 0-0: Fly out, F8 (Flyball, 8RS, EV 91.9 MPH)
Batting: LHB Sébastien Cornu 0-0: Ball
1-0: SINGLE (Groundball, 34D, EV 96.9 MPH)
Charles Josse to second
Runner from 2nd tries for 3rd, OUT! 9-5
Top of the 1st over - 0 runs, 1 hit, 0 errors, 1 left on base; Thunder Bay 0 - Oakland 0
BOTTOM OF THE 1ST
Oakland Oaks batting - Pitching for Thunder Bay Northern Lions BC : RHP Roger Rodenburg
Pitching: RHP Roger Rodenburg
Batting: LHB Conor Gotaas 0-0: Called Strike
0-1: Ball
1-1: SINGLE (Flyball, 7LM, EV 86.2 MPH)
Batting: RHB John Mast 0-0: Called Strike
0-1: Ball
1-1: Swinging Strike
1-2: Fly out, F8 (Flyball, 8RS, EV 95.6 MPH)
Batting: LHB Phillip White 0-0: Foul Ball, location: 2F
0-1: Ball
1-1: Ball
2-1: Fly out, F7 (Flyball, 7D, EV 85.0 MPH)
Batting: RHB Johnny Jones 0-0: Called Strike
0-1: Ball
1-1: Foul Ball, location: 2F
1-2: DOUBLE (Flyball, 8LXD, EV 86.9 MPH)
Conor Gotaas to third
Runner from 3rd tries for Home, SAFE, no throw by CF
Pinch Runner at 2nd Cornelius Adkison:
Batting: LHB Michael Witt 0-0: Called Strike
0-1: Ball
1-1: Called Strike
1-2: Foul Ball, location: 2F
1-2: Foul Ball, location: 2F
1-2: Ball
2-2: Strikes out looking
Bottom of the 1st over - 1 run, 2 hits, 0 errors, 1 left on base; Thunder Bay 0 - Oakland 1
TOP OF THE 2ND
Thunder Bay Northern Lions BC batting - Pitching for Oakland Oaks : LHP Cory bin Nasir al Din
Now at C: Tak-wai Jia
Batting: RHB Curf Pierstisnips 0-0: Ball
1-0: Foul Ball, location: 2F
1-1: Ball
2-1: Foul Ball, location: 2F
2-2: Strikes out looking
Batting: LHB Yao-pang Chiang 0-0: Ball
1-0: Foul Ball, location: 2F
1-1: Called Strike
1-2: SINGLE (Groundball, 34D, EV 106.9 MPH)
Batting: RHB Dusty Crum 0-0: Ball
1-0: Foul Ball, location: 2F
1-1: Fly out, F4 (Popup, 4S, EV 78.8 MPH)
Batting: RHB Cord Hosenbeck 0-0: Called Strike
0-1: Foul Ball, location: 2F
0-2: Foul Ball, location: 2F
0-2: Ground out 1-3 (Groundball, P, EV 68.8 MPH)
Top of the 2nd over - 0 runs, 1 hit, 0 errors, 1 left on base; Thunder Bay 0 - Oakland 1
BOTTOM OF THE 2ND
Oakland Oaks batting - Pitching for Thunder Bay Northern Lions BC : RHP Roger Rodenburg
Batting: RHB Tony Hernández 0-0: Ball
1-0: Ground out 6-3 (Groundball, 6, EV 97.5 MPH)
Batting: LHB Norbert Ingalsbe 0-0: Swinging Strike
0-1: Called Strike
0-2: Ball
1-2: Ball
2-2: SOLO HOME RUN (Flyball, 9D, EV 100.6 MPH), Distance : 370 ft
Batting: RHB Sebastian Franke 0-0: Foul Ball, location: 2F
0-1: Ball
1-1: Foul Ball, location: 2F
1-2: Foul Ball, location: 2F
1-2: Foul Ball, location: 2F
1-2: Fly out, F8 (Flyball, 8RD, EV 98.1 MPH)
Batting: SHB Doug Watson 0-0: Ball
1-0: Called Strike
1-1: Ball
2-1: Foul Ball, location: 2F
2-2: Ground out 1-3 (Groundball, 15S, EV 72.5 MPH)
Bottom of the 2nd over - 1 run, 1 hit, 0 errors, 0 left on base; Thunder Bay 0 - Oakland 2
TOP OF THE 3RD
Thunder Bay Northern Lions BC batting - Pitching for Oakland Oaks : LHP Cory bin Nasir al Din
Batting: LHB Barry Flauker 0-0: Ball
1-0: Ball
2-0: Called Strike
2-1: Ball
3-1: Foul Ball, location: 2F
3-2: Foul Ball, location: 2F
3-2: SINGLE (Groundball, 34D, EV 103.8 MPH)
Batting: LHB Ramón Padilla 0-0: Called Strike
0-1: Ball
1-1: Ball
2-1: Foul Ball, location: 2F
2-2: Strikes out swinging
Batting: RHB Charles Josse 0-0: Called Strike
0-1: Swinging Strike
0-2: Ball
1-2: Strikes out swinging
Batting: LHB Keaton Kringlen 0-0: Foul Ball, location: 2F
0-1: Ball
1-1: Called Strike
1-2: Foul Ball, location: 2F
1-2: Foul Ball, location: 2F
1-2: Fly out, F7 (Line Drive, 7, EV 93.8 MPH)
Top of the 3rd over - 0 runs, 1 hit, 0 errors, 1 left on base; Thunder Bay 0 - Oakland 2
BOTTOM OF THE 3RD
Oakland Oaks batting - Pitching for Thunder Bay Northern Lions BC : RHP Roger Rodenburg
Batting: LHB Conor Gotaas 0-0: Called Strike
0-1: Ball
1-1: Foul Ball, location: 2F
1-2: Ground out 4-3 (Groundball, 4S, EV 89.4 MPH)
Batting: RHB John Mast 0-0: Ground out 5-3 (Groundball, 56, EV 83.1 MPH)
Batting: LHB Phillip White 0-0: Called Strike
0-1: Ball
1-1: Ball
2-1: Ball
3-1: Ground out 4-3 (Groundball, 4D, EV 103.1 MPH)
Bottom of the 3rd over - 0 runs, 0 hits, 0 errors, 0 left on base; Thunder Bay 0 - Oakland 2
TOP OF THE 4TH
Thunder Bay Northern Lions BC batting - Pitching for Oakland Oaks : LHP Cory bin Nasir al Din
Batting: LHB Sébastien Cornu 0-0: Foul Ball, location: 2F
0-1: SINGLE (Line Drive, 8RS, EV 95.6 MPH)
Batting: RHB Curf Pierstisnips 0-0: Fly out, F4 (Line Drive, 4, EV 65.0 MPH)
Batting: LHB Yao-pang Chiang 0-0: Called Strike
0-1: Ball
1-1: Ball
2-1: Ball
3-1: Foul Ball, location: 2F
3-2: Base on Balls
Sébastien Cornu to second
Batting: RHB Dusty Crum 0-0: Foul Ball, location: 2F
0-1: DOUBLE (Line Drive, 8LXD, EV 111.9 MPH)
Sébastien Cornu scores
Yao-pang Chiang to third
Batting: RHB Cord Hosenbeck 0-0: Ball
1-0: SINGLE (Groundball, 34D, EV 104.4 MPH)
Yao-pang Chiang scores
Dusty Crum to third
Batting: LHB Barry Flauker 0-0: Ball
1-0: Called Strike
1-1: Ball
2-1: Foul Ball, location: 2F
2-2: Foul Ball, location: 2F
2-2: DOUBLE (Line Drive, 9LS, EV 98.1 MPH)
Dusty Crum scores
Cord Hosenbeck to third
Runner from 3rd tries for Home, SAFE, throw by RF to home
Batting: LHB Ramón Padilla 0-0: Called Strike
0-1: Swinging Strike
0-2: Ground out 6-3 (Groundball, 4M, EV 105.0 MPH)
Barry Flauker to third
Batting: RHB Charles Josse 0-0: Ball
1-0: SINGLE (Flyball, 78S, EV 92.5 MPH)
Barry Flauker scores
Pitching: RHP Hendrikjan Zweers
Batting: LHB Keaton Kringlen 0-0: Ball
1-0: Ball
2-0: Foul Ball, location: 2F
2-1: Fielders Choice at 2nd, U6 (Groundball, 6M, EV 83.8 MPH)
Top of the 4th over - 5 runs, 5 hits, 0 errors, 1 left on base; Thunder Bay 5 - Oakland 2
BOTTOM OF THE 4TH
Oakland Oaks batting - Pitching for Thunder Bay Northern Lions BC : RHP Roger Rodenburg
Batting: RHB Tak-wai Jia 0-0: Swinging Strike
0-1: Called Strike
0-2: Ball
1-2: Strikes out looking
Batting: LHB Michael Witt 0-0: Called Strike
0-1: SOLO HOME RUN (Line Drive, 9D, EV 105.6 MPH), Distance : 367 ft
Batting: RHB Tony Hernández 0-0: Ball
1-0: Fly out, F9 (Flyball, 9S, EV 81.9 MPH)
Batting: LHB Norbert Ingalsbe 0-0: Ball
1-0: Called Strike
1-1: Ball
2-1: Ball
3-1: SOLO HOME RUN (Flyball, 9D, EV 92.5 MPH), Distance : 362 ft
Batting: RHB Sebastian Franke 0-0: Ball
1-0: Ground out 1-3 (Groundball, 13S, EV 69.4 MPH)
Bottom of the 4th over - 2 runs, 2 hits, 0 errors, 0 left on base; Thunder Bay 5 - Oakland 4
TOP OF THE 5TH
Thunder Bay Northern Lions BC batting - Pitching for Oakland Oaks : RHP Hendrikjan Zweers
Batting: LHB Sébastien Cornu 0-0: Called Strike
0-1: Swinging Strike
0-2: Foul Ball, location: 2F
0-2: Strikes out swinging
Batting: RHB Curf Pierstisnips 0-0: Called Strike
0-1: Ball
1-1: Called Strike
1-2: Foul Ball, location: 2F
1-2: Strikes out swinging
Batting: LHB Yao-pang Chiang 0-0: Ball
1-0: Called Strike
1-1: Ball
2-1: SOLO HOME RUN (Line Drive, 9LD, EV 93.8 MPH), Distance : 377 ft
Batting: RHB Dusty Crum 0-0: Called Strike
0-1: Swinging Strike
0-2: Ball
1-2: Foul Ball, location: 2F
1-2: Ball
2-2: Ball
3-2: Strikes out swinging
Top of the 5th over - 1 run, 1 hit, 0 errors, 0 left on base; Thunder Bay 6 - Oakland 4
BOTTOM OF THE 5TH
Oakland Oaks batting - Pitching for Thunder Bay Northern Lions BC : RHP Roger Rodenburg
Batting: SHB Doug Watson 0-0: Called Strike
0-1: Called Strike
0-2: SINGLE (Flyball, 34D, EV 91.2 MPH)
Batting: LHB Conor Gotaas 0-0: Ball
1-0: Ball
2-0: Ball
3-0: Swinging Strike
3-1: Swinging Strike
3-2: Foul Ball, location: 2F
3-2: Strikes out swinging
Doug Watson steals 2nd base
Batter strikes out.
Batting: RHB John Mast 0-0: Called Strike
0-1: Called Strike
Doug Watson is caught stealing 3rd base 2-5
0-2: Ball
1-2: Ball
2-2: Foul Ball, location: 2F
2-2: Foul Ball, location: 2F
2-2: Ball
3-2: Strikes out swinging
Bottom of the 5th over - 0 runs, 1 hit, 0 errors, 0 left on base; Thunder Bay 6 - Oakland 4
TOP OF THE 6TH
Thunder Bay Northern Lions BC batting - Pitching for Oakland Oaks : RHP Hendrikjan Zweers
Batting: RHB Cord Hosenbeck 0-0: Fly out, F4 (Line Drive, 4, EV 66.2 MPH)
Batting: LHB Barry Flauker 0-0: Called Strike
0-1: Ball
1-1: DOUBLE (Groundball, 3L, EV 110.0 MPH)
Batting: LHB Ramón Padilla 0-0: Ball
1-0: Called Strike
1-1: Ball
2-1: Ball
3-1: Fly out, F6 (Popup, P, EV 73.1 MPH)
Batting: RHB Charles Josse 0-0: Ball
1-0: Ball
2-0: Foul Ball, location: 2F
2-1: Swinging Strike
2-2: Fly out, F7 (Line Drive, 7, EV 86.2 MPH)
Top of the 6th over - 0 runs, 1 hit, 0 errors, 1 left on base; Thunder Bay 6 - Oakland 4
BOTTOM OF THE 6TH
Oakland Oaks batting - Pitching for Thunder Bay Northern Lions BC : RHP Roger Rodenburg
Batting: LHB Phillip White 0-0: Ball
1-0: SOLO HOME RUN (Flyball, 9D, EV 108.1 MPH), Distance : 364 ft
Pitching: LHP Peace Addo
Batting: RHB Tak-wai Jia 0-0: Fly out, F8 (Line Drive, 8RM, EV 93.1 MPH)
Batting: LHB Michael Witt 0-0: Swinging Strike
0-1: Ground out 1-3 (Groundball, 34S, EV 81.2 MPH)
Batting: RHB Tony Hernández 0-0: Foul Ball, location: 2F
0-1: Ball
1-1: Called Strike
1-2: Ball
2-2: Strikes out looking
Bottom of the 6th over - 1 run, 1 hit, 0 errors, 0 left on base; Thunder Bay 6 - Oakland 5
TOP OF THE 7TH
Thunder Bay Northern Lions BC batting - Pitching for Oakland Oaks : RHP Hendrikjan Zweers
Batting: LHB Keaton Kringlen 0-0: Ball
1-0: Ball
2-0: Ball
3-0: Called Strike
3-1: Called Strike
3-2: SINGLE (Line Drive, 78S, EV 84.4 MPH)
Batting: LHB Sébastien Cornu 0-0: Ball
1-0: Ball
2-0: Ball
3-0: Called Strike
3-1: Base on Balls
Keaton Kringlen to second
Pitching: LHP Homer Boyd
Batting: RHB Curf Pierstisnips 0-0: Called Strike
0-1: Ball
1-1: Foul Ball, location: 2F
1-2: Foul Ball, location: 2F
1-2: Foul Ball, location: 2F
1-2: Ball
2-2: Ball
3-2: Strikes out swinging
Batting: LHB Yao-pang Chiang 0-0: Ball
1-0: Ball
2-0: Ball
3-0: Called Strike
3-1: Base on Balls
Keaton Kringlen to third
Sébastien Cornu to second
Batting: RHB Dusty Crum 0-0: Foul Ball, location: 2F
0-1: Ball
1-1: Fly out, F8 (Line Drive, 8RM, EV 87.5 MPH)
Runner from 3rd tags up, OUT at HOME! 8-2
Top of the 7th over - 0 runs, 1 hit, 0 errors, 2 left on base; Thunder Bay 6 - Oakland 5
BOTTOM OF THE 7TH
Oakland Oaks batting - Pitching for Thunder Bay Northern Lions BC : LHP Peace Addo
Batting: LHB Norbert Ingalsbe 0-0: Ball
1-0: Ball
2-0: Ball
3-0: Base on Balls
Batting: RHB Sebastian Franke 0-0: Ball
1-0: Fly out, F4 (Line Drive, 4, EV 73.1 MPH)
Batting: SHB Doug Watson 0-0: SINGLE (Groundball, 56, EV 91.9 MPH) (infield hit)
Norbert Ingalsbe to second
Batting: LHB Conor Gotaas 0-0: Swinging Strike
0-1: Ball
1-1: Ball
2-1: Swinging Strike
2-2: Foul Ball, location: 2F
2-2: Strikes out swinging
Batting: RHB John Mast 0-0: Ball
1-0: Ball
2-0: Called Strike
2-1: Ball
3-1: Foul Ball, location: 2F
3-2: Foul Ball, location: 2F
3-2: Ground out 6-3 (Groundball, 6, EV 106.2 MPH)
Bottom of the 7th over - 0 runs, 1 hit, 0 errors, 2 left on base; Thunder Bay 6 - Oakland 5
TOP OF THE 8TH
Thunder Bay Northern Lions BC batting - Pitching for Oakland Oaks : LHP Homer Boyd
Batting: RHB Cord Hosenbeck 0-0: Ball
1-0: Ball
2-0: Called Strike
2-1: Ball
3-1: Called Strike
3-2: Strikes out looking
Batting: LHB Barry Flauker 0-0: Foul Ball, location: 2F
0-1: DOUBLE (Line Drive, 7LM, EV 105.6 MPH)
Batting: LHB Ramón Padilla 0-0: Called Strike
0-1: Ball
1-1: Ball
2-1: Ball
3-1: Foul Ball, location: 2F
3-2: Strikes out swinging
Pitching: LHP Santiago Rivera
Batting: RHB Charles Josse 0-0: Ball
Passed Ball!
Barry Flauker to third
1-0: Fly out, F8 (Line Drive, 8RD, EV 91.2 MPH)
Top of the 8th over - 0 runs, 1 hit, 0 errors, 1 left on base; Thunder Bay 6 - Oakland 5
BOTTOM OF THE 8TH
Oakland Oaks batting - Pitching for Thunder Bay Northern Lions BC : LHP Peace Addo
Now in CF: Takeshi Kovacs
Batting: LHB Phillip White 0-0: Ball
1-0: Ball
2-0: SINGLE (Groundball, 4MD, EV 105.6 MPH)
Pitching: RHP Greg Hoover
Batting: RHB Tak-wai Jia 0-0: DOUBLE (Flyball, 8LXD, EV 108.1 MPH)
Phillip White to third
Batting: LHB Michael Witt 0-0: Called Strike
0-1: Fly out, F7 (Flyball, 7LM, EV 101.9 MPH)
Runner from 3rd tags up, SCORES, throw by LF
Batting: RHB Tony Hernández 0-0: Called Strike
0-1: Ball
1-1: Fly out, F4 (Line Drive, 4, EV 68.8 MPH)
Batting: LHB Norbert Ingalsbe 0-0: Called Strike
0-1: Ball
1-1: Ball
2-1: Ball
3-1: Base on Balls
Batting: RHB Sebastian Franke 0-0: Hit by Pitch
Tak-wai Jia to third
Norbert Ingalsbe to second
Batting: SHB Doug Watson 0-0: SINGLE (Flyball, 9LS, EV 101.9 MPH)
Tak-wai Jia scores
Norbert Ingalsbe to third
Sebastian Franke to second
Runner from 3rd tries for Home, SAFE, throw by RF to home
Batting: LHB Conor Gotaas 0-0: Swinging Strike
0-1: Ball
1-1: Called Strike
1-2: Foul Ball, location: 2F
1-2: SINGLE (Groundball, 3S, EV 81.9 MPH) (infield hit)
Sebastian Franke to third
Doug Watson to second
Batting: RHB John Mast 0-0: Ball
1-0: Ball
2-0: Called Strike
2-1: Ball
3-1: Base on Balls
Sebastian Franke scores
Doug Watson to third
Conor Gotaas to second
Pitching: RHP Von Hansen
Batting: LHB Phillip White 0-0: Called Strike
0-1: Fly out, F9 (Flyball, 89D, EV 85.6 MPH)
Bottom of the 8th over - 4 runs, 4 hits, 0 errors, 3 left on base; Thunder Bay 6 - Oakland 9
TOP OF THE 9TH
Thunder Bay Northern Lions BC batting - Pitching for Oakland Oaks : LHP Santiago Rivera
Pitching: RHP Jan Koistinen
Now at 3B: Esteban Vázquez
Now in LF: Vonne Navarrete
Batting: SHB Takeshi Kovacs 0-0: Called Strike
0-1: SINGLE (Groundball, 6MD, EV 105.0 MPH)
Batting: LHB Sébastien Cornu 0-0: Ball
1-0: Ball
2-0: Ball
3-0: Base on Balls
Takeshi Kovacs to second
Batting: RHB Curf Pierstisnips 0-0: Called Strike
0-1: Fly out, F9 (Flyball, 9S, EV 88.8 MPH)
Batting: LHB Yao-pang Chiang 0-0: Called Strike
0-1: Called Strike
0-2: Fly out, F7 (Flyball, 78D, EV 81.2 MPH)
Batting: RHB Dusty Crum 0-0: SINGLE (Groundball, 4MD, EV 100.0 MPH)
Takeshi Kovacs to third
Sébastien Cornu to second
Batting: RHB Cord Hosenbeck 0-0: Called Strike
0-1: Ball
1-1: Ball
2-1: Fielders Choice at 2nd, 6-4 (Groundball, 6, EV 79.4 MPH)
Top of the 9th over - 0 runs, 2 hits, 0 errors, 3 left on base; Thunder Bay 6 - Oakland 9
Friday, March 26th, 2021 - OOTP Baseball 20.8 Build 74